 Dungeon Crawl Stone Soup version 0.13-a0-2261-g830e84e (webtiles) character file.

107 DaftWullie the Cutter (level 3, -1/36 HPs)
             Began as a Kobold Berserker on July 5, 2013.
             Was a Believer of Trog.
             Slain by a hobgoblin
             ... wielding a +0,+0 club
              (3 damage)
             ... on Level 2 of the Dungeon on July 6, 2013.
             The game lasted 00:15:17 (1505 turns).

DaftWullie the Cutter (Kobold Berserker)            Turns: 1505, Time: 00:15:17

HP  -1/36        AC  2     Str 21      XL: 3   Next: 67%
MP   2/2         EV 15     Int  5      God: Trog [**....]
Gold 68          SH  0     Dex 15      Spells:  0 memorised,  2 levels left

Res.Fire  : . . .   See Invis. : .   a - +0 short sword
Res.Cold  : . . .   Warding    : .   b - +0 animal skin
Life Prot.: . . .   Conserve   : .   (no shield)
Res.Poison: .       Res.Corr.  : .   (no helmet)
Res.Elec. : .       Clarity    : .   (no cloak)
Sust.Abil.: . .     Spirit.Shd : .   (no gloves)
Res.Mut.  : .       Stasis     : .   (no boots)
Res.Rott. : .       Flight     : .   (no amulet)
Saprovore : + + .                    (no ring)
                                     (no ring)

@: berserking, very quick, not resistant to hostile enchantments, extremely
unstealthy
A: disease resistance, carnivore 3, saprovore 2
a: Burn Spellbooks, Berserk, Trog's Hand, Renounce Religion


You were on level 2 of the Dungeon.
You worshipped Trog.
Trog was most pleased with you.
You were very full.

You visited 1 branch of the dungeon, and saw 2 of its levels.

You collected 48 gold pieces.

Inventory:

Hand weapons
 a - a +0,+0 short sword (weapon)
 i - a +0,+1 dwarven short sword
 o - a -1,+0 orcish dagger
Missiles
 k - 4 darts (quivered)
 n - 9 stones
Armour
 b - a +0 animal skin (worn)
Comestibles
 c - a meat ration
 p - a chunk of giant newt flesh
Scrolls
 e - 5 scrolls of identify {unknown}
 l - a scroll of remove curse {unknown}
 m - a scroll of teleportation {unknown}
Jewellery
 j - an uncursed amulet of stasis {unknown}
 q - a +1 ring of dexterity {unknown}
Potions
 d - 2 potions of curing {unknown}
 f - a potion of restore abilities {unknown}
 g - 2 potions of might {unknown}


   Skills:
 + Level 3.5 Fighting
 * Level 5.3 Short Blades
 - Level 1.5 Armour
 + Level 2.8 Dodging


You had 2 spell levels left.
You didn't know any spells.

Dungeon Overview and Level Annotations

Branches:
Dungeon (2/27)

Altars:


Innate Abilities, Weirdness & Mutations

You recuperate from illness quickly.
You are small and have problems with some larger weapons.
You are carnivorous and can eat meat at any time.
You can eat rotten meat.


Message History

The jackal misses you.
You hit the jackal.
You kill the jackal!
Trog accepts your kill. The jackal completely misses you.
You hit the jackal.
The jackal is lightly wounded.
The jackal bites you.
* * * LOW HITPOINT WARNING * * *
Use which ability? (? or * to list)
A red film seems to cover your vision as you go berserk!
You feel yourself moving faster!
You feel mighty!
You feel somewhat less full. The jackal misses you. The jackal bites you.
* * * LOW HITPOINT WARNING * * *
You puncture the jackal!
You kill the jackal!
Trog accepts your kill.
You barely miss the hobgoblin. You barely miss the hobgoblin.
The hobgoblin hits you with a club.
You die...

#### # #... ...
.?.#.$.
###..#.#
#...... #
#.#>.#
##.#%#..###...
#...@g..)(((.g.
#.##%##.#####.
#.# .# #.# .#
#.# .# #.# .#
... .# .#> # #
#


You could see a hobgoblin.

Vanquished Creatures
  A giant gecko (D:1)
  2 giant cockroaches
  4 goblins (D:1)
  3 hobgoblins
  7 jackals
  2 ball pythons (D:1)
  3 bats (D:1)
  3 giant newts (D:1)
  7 kobolds
  5 rats (D:1)
37 creatures vanquished.

Vanquished Creatures (others)
  A bat (D:1)
1 creature vanquished.

Grand Total: 38 creatures vanquished

Notes
Turn   | Place    | Note
--------------------------------------------------------------
     0 | D:1      | DaftWullie, the Kobold Berserker, began the quest for the Orb.
     0 | D:1      | Reached XP level 1. HP: 14/14 MP: 0/0
   302 | D:1      | Reached XP level 2. HP: 9/19 MP: 1/1
   704 | D:1      | Reached XP level 3. HP: 6/24 MP: 2/2
  1226 | D:1      | HP: 1/24 [goblin/uncursed club (2)]
  1232 | D:1      | Reached skill level 5 in Short Blades
  1243 | D:1      | Upgraded the game from 0.13-a0-2244-g236abbe to 0.13-a0-2261-g830e84e
  1429 | D:1      | Acquired Trog's second power
  1505 | D:2      | Slain by a hobgoblin

Action                   || total
-------------------------++-------
Melee: Short sword       ||   151
Throw: Dart              ||     6
Invok: Berserk           ||     2
